 Dungeon Crawl Stone Soup version 0.20-a0-640-g62ed22f (webtiles) character file.

1691 Klosterheim the Grappler (level 8, -4/74 HPs)
             Began as a Troll Monk on Feb 12, 2017.
             Was an Elder of Ru.
             Slain by an orc warrior
             ... wielding a +0 halberd
              (8 damage)
             ... on level 6 of the Dungeon.
             The game lasted 00:06:26 (3769 turns).

Klosterheim the Grappler (Troll Monk)               Turns: 3769, Time: 00:06:27

Health: -4/74      AC:  5    Str: 22    XL:     8   Next: 72%
Magic:  2/7        EV: 11    Int:  6    God:    Ru [****..]
Gold:   588        SH:  0    Dex: 16    Spells: 7/7 levels left

rFire    + . .     SeeInvis .     - Unarmed
rCold    + . .     Gourm    +   j - +0 robe {rC+}
rNeg     . . .     Faith    .   (no shield)
rPois    .         Spirit   .   (helmet restricted)
rElec    .         Reflect  .   (no cloak)
rCorr    .         Harm     .   (gloves unavailable)
MR       .....                  (boots unavailable)
Stlth    ++........             (no amulet)
Regen    0.7/turn               C - ring of protection from fire
MPRegen  0.1/turn               n - +4 ring of dexterity

@: exhausted, very slightly contaminated, hasted, very quick
A: unfitting armour, claws 3, fast metabolism 3, gourmand, regeneration 1,
shaggy fur 1, tough skin 2, inability to use devices, inability to train armour
a: Draw Out Power, Power Leap, Renounce Religion


You were on level 6 of the Dungeon.
You worshipped Ru.
Ru was greatly pleased with you.
You were full.

You visited 1 branch of the dungeon, and saw 6 of its levels.
You also visited: Ossuary.

You collected 588 gold pieces.

Inventory:

Armour
 j - a +0 robe of cold resistance (worn)
Jewellery
 n - a +4 ring of dexterity (left claw)
 C - a ring of protection from fire (right claw)
 D - an uncursed ring of magical power {unknown}
Scrolls
 d - 4 scrolls of remove curse {unknown}
 i - a scroll of fear {unknown}
 k - 4 scrolls of teleportation {unknown}
 m - 2 scrolls of noise {unknown}
 o - 2 scrolls of enchant armour {unknown}
 p - 2 scrolls of blinking {unknown}
 q - a scroll of amnesia {unknown}
 s - 4 scrolls of enchant weapon {unknown}
 w - 2 scrolls of immolation {unknown}
 x - 3 scrolls of fog {unknown}
 y - 3 scrolls of identify {unknown}
 B - a scroll of recharging {unknown}
 I - a scroll of magic mapping {unknown}
Potions
 a - 2 potions of mutation {unknown}
 c - 2 potions of agility {unknown}
 e - 4 potions of might {unknown}
 f - 2 potions of brilliance {unknown}
 h - 2 potions of haste
 r - 3 potions of berserk rage {unknown}
 t - 2 potions of ambrosia {unknown}
 u - a potion of resistance {unknown}
 z - a potion of lignification {unknown}
 A - a potion of heal wounds {unknown}
 E - a potion of invisibility {unknown}
 F - 2 potions of magic {unknown}
 G - a potion of curing {unknown}
 H - a potion of degeneration {unknown}
Comestibles
 b - 7 bread rations
 g - 3 meat rations
 l - a royal jelly
 v - a fruit


   Skills:
 - Level 2.4 Fighting
 - Level 2.4 Dodging
 - Level 1.0 Stealth
 + Level 11.4 Unarmed Combat


You had 7 spell levels left.
You didn't know any spells.

Dungeon Overview and Level Annotations

Branches:
Dungeon (6/15)             Temple (0/1) D:4

Altars:
Ashenzari
Fedhas
Gozag
Kikubaaqudgha
Nemelex Xobeh
Ru


Innate Abilities, Weirdness & Mutations

You are too large for most types of armour.
You have claws for hands.
Your metabolism is lightning-fast.
You like to eat raw meat.
Your natural rate of healing is unusually fast.
You are covered in fur. (AC +1)
You have very tough skin. (AC +2)
You cannot study or use magical devices.
You cannot train Armour skill.


Message History

You scratch the orc wizard.
You kill the orc wizard!
The orc barely misses you.
Aiming: Power Leap
Press: ? - help, Dir - move target cursor You kill the orc!
The orc warrior hits you with a halberd!
* * * LOW HITPOINT WARNING * * *
You're too exhausted to draw out your power.
You closely miss the orc warrior.
The orc warrior is severely wounded.
The orc warrior hits you with a halberd!
* * * LOW HITPOINT WARNING * * *
You feel yourself speed up.
You are very lightly contaminated with residual magic.
You scratch the orc warrior but do no damage.
Your claw misses the orc warrior.
The orc warrior is severely wounded.
The orc warrior hits you with a halberd!
You die...

........#.#
#!.o..#.#
#....o..# .#
#####.### .# #(#
.### ###†### .#.#
#../).# ...#
###.#o#
...######### ###@#
.#.##......# #)#
...##......# #.#
.####......# #.#
...........# #.#
.######'########.#
.................#
.######.##########
.. #.#


You could see an orc warrior.

Vanquished Creatures
  Pikel (D:4)
  Grinder (D:4)
  Sigmund (D:2)
  Edmund (D:4)
  A sky beast (D:6)
  2 slaves (D:4)
  Blork the orc (D:6)
  2 crimson imps
  A bullfrog zombie (D:6)
  An orc wizard (D:6)
  A centaur skeleton (D:5)
  7 worker ants
  Terence (D:2)
  A big kobold zombie (Ossuary)
  8 mummies (Ossuary)
  5 adders
  3 oozes (D:1)
  2 adder zombies
  An adder skeleton (D:4)
  2 worms
  2 dart slugs (D:1)
  3 leopard geckos
  6 orcs
  4 bats
  7 giant cockroaches
  2 gnoll zombies (Ossuary)
  7 goblins
  2 hobgoblins
  5 jackals (D:1)
  6 frilled lizards
  A hobgoblin zombie (Ossuary)
  A kobold (D:1)
  2 kobold zombies (Ossuary)
  2 orc zombies (Ossuary)
  8 rats
101 creatures vanquished.

Vanquished Creatures (others)
  A bullfrog skeleton (D:4)
  A worker ant (D:5)
  A worm (D:4)
  A leopard gecko (D:4)
  2 orcs
6 creatures vanquished.

Grand Total: 107 creatures vanquished

Notes
Turn   | Place    | Note
-------+----------+-------------------------------------------
     0 | D:1      | Klosterheim the Troll Monk began the quest for the Orb.
     0 | D:1      | Reached XP level 1. HP: 22/22 MP: 0/0
    40 | D:1      | Reached XP level 2. HP: 27/29 MP: 1/1
   112 | D:1      | Reached skill level 4 in Unarmed Combat
   179 | D:1      | Reached XP level 3. HP: 33/36 MP: 2/2
   592 | D:2      | Noticed Terence
   593 | D:2      | Found a sacrificial altar of Ru.
   593 | D:2      | Found a blossoming altar of Fedhas.
   603 | D:2      | Killed Terence
   603 | D:2      | Reached XP level 4. HP: 33/44 MP: 3/3
   606 | D:2      | Reached skill level 5 in Unarmed Combat
   636 | D:2      | Became a worshipper of Ru the Awakened
   639 | D:2      | Gained mutation: You cannot study or use magical devices. [Ru sacrifice]
   639 | D:2      | Reached * piety under Ru
   639 | D:2      | Reached ** piety under Ru
   639 | D:2      | Reached *** piety under Ru
   666 | D:2      | Noticed Sigmund
   685 | D:2      | Killed Sigmund
   685 | D:2      | Reached skill level 6 in Unarmed Combat
   685 | D:2      | Reached XP level 5. HP: 19/50 MP: 0/4
   873 | D:2      | Found a shattered altar of Ashenzari.
  1320 | D:3      | Reached XP level 6. HP: 59/59 MP: 5/5
  1896 | D:4      | Noticed a slave
  1896 | D:4      | Noticed a slave
  1898 | D:4      | Noticed Pikel
  1899 | D:4      | Noticed a slave
  1910 | D:4      | Killed a slave
  1914 | D:4      | Noticed a slave
  1918 | D:4      | Killed a slave
  1934 | D:4      | Killed Pikel
  1934 | D:4      | Reached skill level 8 in Unarmed Combat
  1934 | D:4      | Reached XP level 7. HP: 30/66 MP: 6/6
  2076 | D:4      | Reached skill level 9 in Unarmed Combat
  2168 | D:4      | Noticed Edmund
  2178 | D:4      | Killed Edmund
  2332 | D:4      | Found a staircase to the Ecumenical Temple.
  2335 | D:4      | Noticed Grinder
  2354 | D:4      | Killed Grinder
  2354 | D:4      | Reached skill level 10 in Unarmed Combat
  2354 | D:4      | Reached XP level 8. HP: 62/74 MP: 7/7
  2608 | D:4      | Gained mutation: You cannot train Armour skill. [Ru sacrifice]
  2608 | D:4      | Reached **** piety under Ru
  2637 | D:5      | Entered Level 5 of the Dungeon
  2721 | D:5      | Found an opulent altar of Gozag.
  2948 | D:5      | Found a sparkling altar of Nemelex Xobeh.
  3333 | D:6      | Noticed Blork the orc
  3338 | D:6      | Killed Blork the orc
  3423 | D:6      | Found a sand-covered staircase.
  3449 | Ossuary  | Entered an ossuary
  3467 | Ossuary  | Reached skill level 11 in Unarmed Combat
  3693 | D:6      | Found an ancient bone altar of Kikubaaqudgha.
  3767 | D:6      | HP: 3/74 [orc warrior/halberd (15)]
  3769 | D:6      | Slain by an orc warrior

Vault maps used:
D:1:      lordsloth_arrival_two_stooges
D:2:      lemuel_doored_altar, chequers_temple_overflow_statue_of_worship,
          uniq_sigmund, uniq_terence
D:4:      minmay_temple_entry_glass, uniq_edmund, uniq_grinder, uniq_pikel
D:5:      nemelex_xobeh_ov_fountains_minmay, first_bread, grunt_gozag_statues
D:6:      nicolae_overflow_crystal_walls, old_standard_altar,
          nicolae_ossuary_entry_ruins, uniq_blork_the_orc
Ossuary:  ossuary_tomb_3

Skill      XL: |  1  2  3  4  5  6  7  8 |
---------------+-------------------------+-----
Unarmed Combat | 4 6 8 10 11 | 11.4
Fighting       | |  2.4
Dodging        | |  2.4
Stealth        | |  1.0

Action                   |  1- 3 |  4- 6 |  7- 9 || total
-------------------------+-------+-------+-------++-------
Melee: Unarmed           |    71 |    74 |   111 ||   256
       Punch             |       |     2 |     4 ||     6
Invok: Sacrifice Artific |       |     1 |       ||     1
       Power Leap        |       |       |     3 ||     3
       Sacrifice Durabil |       |       |     1 ||     1
  Use: Potion            |       |       |     1 ||     1
 Stab: Sleeping          |     1 |     4 |     4 ||     9
       Invisible         |       |       |     1 ||     1
  Eat: Chunk             |    11 |    11 |    15 ||    37
Armor: Robe              |    33 |    17 |    17 ||    67
Dodge: Dodged            |    36 |    16 |    38 ||    90
